 Dungeon Crawl Stone Soup version 0.30-a0-777-ga9a30cbeda (webtiles) character file.

Game seed: 12294576655501335627

63 Newt the Shooter (level 4, 0/30 HPs)
             Began as a Kobold Hunter on Feb 14, 2023.
             Killed by divine providence
             ... invoked by an orc priest
              (12 damage)
             ... on level 3 of the Dungeon.
             The game lasted 00:01:39 (2473 turns).

Newt the Shooter (Kobold Hunter)                    Turns: 2473, Time: 00:01:39

Health: 0/30       AC:  3    Str:  8    XL:     4   Next: 31%
Magic:  4/4        EV: 14    Int: 10    God:
Gold:   146        SH:  0    Dex: 20    Spells: 3/3 levels left

rFire   . . .      SeeInvis .    a - +0 shortbow
rCold   . . .      Faith    .    (shield currently unavailable)
rNeg    . . .      Spirit   .    c - +0 leather armour
rPois   .          Reflect  .    (no helmet)
rElec   .          Harm     .    (no cloak)
rCorr   .          Rampage  .    (no gloves)
Will    .....                    (no boots)
Stlth   +++                      (no amulet)
HPRegen 0.25/turn                (no ring)
MPRegen 0.09/turn                (no ring)

@: no status effects
A: small, no large weapons, nightstalker 3
a: no special abilities


You were on level 3 of the Dungeon.
You visited 1 branch of the dungeon, and saw 3 of its levels.

You collected 146 gold pieces.

Inventory:

Hand Weapons
 a - a +0 shortbow (weapon)
Missiles
 n - a throwing net
Armour
 c - a +0 leather armour (worn)
Wands
 m - a wand of iceblast (5)
Scrolls
 b - a scroll of immolation
 e - 2 scrolls of fog
 f - a scroll of teleportation
 q - a scroll of blinking {unknown}
Potions
 d - a potion of berserk rage
 g - a potion of brilliance
 h - a potion of attraction {unknown}
 i - a potion of flight {unknown}
 j - a potion of ambrosia
 k - a potion of invisibility
 l - a potion of degeneration {unknown}
 o - 2 potions of lignification {unknown}
 p - a potion of might {unknown}


   Skills:
 + Level 4.7 Fighting
 - Level 5.3 Ranged Weapons
 - Level 2.4 Dodging
 - Level 1.3 Stealth


You had 3 spell levels left.
You didn't know any spells.
Your spell library contained the following spells:

 Spells                   Type           Power      Damage    Failure   Level
 Airstrike                Air            0%         2d(0-16)  99%         4
 Summon Lightning Spire   Summ/Air       0%         N/A       99%         4
 Lightning Bolt           Conj/Air       0%         1d11      100%        5


Dungeon Overview and Level Annotations

Branches:
Dungeon (3/15)

Altars:
The Shining One


Innate Abilities, Weirdness & Mutations

You are small and have problems with some larger weapons.
You are completely attuned to the shadows.


Message History

The orc priest mumbles some strange prayers to Beogh against you.
Beogh smites you!
Ouch! That really hurt!
You are too injured to fight recklessly!
You are too injured to fight recklessly!
You are too injured to fight recklessly!
You are too injured to fight recklessly!
You are too injured to fight recklessly!
You are too injured to fight recklessly!
You are too injured to fight recklessly!
You are too injured to fight recklessly!
You are too injured to fight recklessly!
Unknown command.
Fire: a) +0 shortbow
Press: ? - help, Shift-Dir - straight line, f/p - orc priest
Aim: an orc priest, wielding a +2 war axe of electrocution (66% to hit)
You shoot an arrow.
The arrow hits the orc priest but does no damage.
You hear a shout!
An orc comes into view. It is wielding a +0 short sword.
Fire: a) +0 shortbow
Press: ? - help, Shift-Dir - straight line, f/p - orc priest
Aim: an orc priest, wielding a +2 war axe of electrocution (66% to hit)
You shoot an arrow. The arrow barely misses the orc priest.
The orc priest closely misses you.
An orc comes into view. It is wielding a +0 short sword.
The orc priest hits you with a +2 war axe of electrocution.
Fire: a) +0 shortbow
Press: ? - help, Shift-Dir - straight line, f/p - orc priest
Aim: an orc priest, wielding a +2 war axe of electrocution (66% to hit)
You shoot an arrow. The arrow hits the orc priest.
The orc priest is lightly wounded.
Fire: a) +0 shortbow
Press: ? - help, Shift-Dir - straight line, f/p - orc priest
Aim: an orc priest, wielding a +2 war axe of electrocution (lightly wounded, 66% to hit)
You shoot an arrow. The arrow hits the orc priest!
The orc priest is severely wounded.
The orc priest invokes the aid of Beogh against you.
Beogh smites you!
You die...

#.##### #.#
#.# #.# #.#
#.# #.# #.#
#@# o.o.o#
######
######## #.###
#......#.#....
#.####.#.#....
#.# #.#.#..##
#.# #.#.#....


You could see an orc priest and 2 orcs.

Vanquished Creatures
  2 dart slugs
  3 bats
  3 endoplasms
  A giant cockroach (D:3)
  8 goblins
  6 hobgoblins
  6 jackals
  7 kobolds
  2 quokkas
  6 ball pythons
  4 frilled lizards (D:1)
  5 rats
53 creatures vanquished.

Notes
Turn   | Place    | Note
-------+----------+-------------------------------------------
     0 | D:1      | Newt the Kobold Hunter began the quest for the Orb.
     0 | D:1      | Reached XP level 1. HP: 12/12 MP: 1/1
   211 | D:1      | Reached XP level 2. HP: 18/18 MP: 2/2
   523 | D:1      | Reached XP level 3. HP: 23/23 MP: 3/3
  1347 | D:2      | Reached XP level 4. HP: 30/30 MP: 4/4
  2041 | D:3      | Found a faded altar of an unknown god.
  2406 | D:3      | Found a glowing golden altar of the Shining One.
  2473 | D:3      | Killed from afar by an orc priest

Illustrated notes

Levels and vault maps discovered:
D:1:      dpeg_arrival_round_a, layout_loops_corners, minmay_close_crescents
D:2:      layout_loops_ring
D:3:      layout_basic, amcnicky_altar_gilded,
          chequers_ecumenical_altar_simple_redux

Skill      XL: |  1  2  3 |
---------------+----------+-----
Fighting       | 3 4 |  4.7
Ranged Weapons | |  5.3
Dodging        | |  2.4
Stealth        | |  1.3

Action                     |  1- 3 |  4- 6 || total
---------------------------+-------+-------++-------
   Fire: Shortbow          |    94 |    33 ||   127
    Use: Scroll            |     4 |     2 ||     6
         Potion            |       |     2 ||     2
 Armour: Leather armour    |    13 |       ||    13
  Dodge: Dodged            |    34 |     9 ||    43

Table legend: (Time is in decaauts)
 A = Elapsed time spent in this place.
 B = Non-inter-level travel time spent in this place.
 C = Inter-level travel time spent in this place.
 D = Time resting spent in this place.
 E = Time spent auto-exploring this place.
 F = Levels seen in this place.
 G = Mean time per level.
                   A        B        C        D        E       F      G
               +--------+--------+--------+--------+--------+-----+--------+
         Total |   2507 |   2437 |     70 |      8 |   2175 |   3 |  835.7 |
       Dungeon |   2507 |   2437 |     70 |      8 |   2175 |   3 |  835.7 |
               +--------+--------+--------+--------+--------+-----+--------+

Top non-repeatable levels by time:
     D:1: 1129 daAuts
     D:2: 749 daAuts
     D:3: 629 daAuts
